 Dungeon Crawl Stone Soup version 0.27-a0-668-gb5737ff2c0 (webtiles) character file.

Game seed: 6912493798980509013

147 siradein the Cutter (level 5, -2/30 HPs)
             Began as a Gargoyle Brigand on Mar 17, 2021.
             Slain by a bullfrog skeleton (3 damage)
             ... on level 6 of the Dungeon.
             The game lasted 00:15:40 (3328 turns).

siradein the Cutter (Gargoyle Brigand)              Turns: 3328, Time: 00:15:42

Health: -2/30      AC: 11    Str: 15      XL:     5   Next: 29%
Magic:  5/5        EV:  9    Int: 12      God:
Gold:   88         SH:  0    Dex:  9 (11) Spells: 4/4 levels left

rFire    . . .     SeeInvis .   o - +0 short sword
rCold    . . .     Faith    .   (no shield)
rNeg     + . .     Spirit   .   n - +0 scale mail
rPois    ∞         Reflect  .   (no helmet)
rElec    +         Harm     .   c - +0 cloak
rCorr    .         Rampage  .   (no gloves)
Will     .....                  (no boots)
Stlth    +.........             (no amulet)
HPRegen  0.10/turn              (no ring)
MPRegen  0.09/turn              (no ring)

@: no status effects
A: AC +4, negative energy resistance 1, electricity resistance, torment
resistance 1, unbreathing 1, petrification resistance
a: no special abilities


You were on level 6 of the Dungeon.
You visited 1 branch of the dungeon, and saw 4 of its levels.

You collected 88 gold pieces.

Inventory:

Hand Weapons
 o - a +0 short sword (weapon)
Missiles
 d - 8 poisoned darts (quivered)
 e - 2 curare-tipped darts
Armour
 c - a +0 cloak (worn)
 n - a +0 scale mail (worn)
Scrolls
 g - a scroll of vulnerability {unknown}
 h - 2 scrolls of fog {unknown}
 l - a scroll of identify {unknown}
Potions
 b - a potion of degeneration {unknown}
 f - a potion of attraction {unknown}
 i - 3 potions of brilliance {unknown}
 j - a potion of flight {unknown}
 k - a potion of haste {unknown}
 m - a potion of mutation {unknown}


   Skills:
 - Level 2.1 Fighting
 + Level 4.8 Short Blades
 - Level 1.7 Throwing
 - Level 0.7 Dodging
 - Level 4.3 Stealth


You had 4 spell levels left.
You didn't know any spells.
Your spell library was empty.

Dungeon Overview and Level Annotations

Branches:
Dungeon (3/15)

Altars:


Innate Abilities, Weirdness & Mutations

Your stone body is resilient. (AC +4)
You are immune to poison.
You resist negative energy. (rN+)
You are resistant to electric shocks. (rElec)
You are resistant to unholy torment.
You can survive without breathing.
You are immune to petrification.


Message History

You hit the bullfrog skeleton.
The bullfrog skeleton is moderately damaged.
The bullfrog skeleton misses you. The centaur hits you.
You hit the bullfrog skeleton.
The bullfrog skeleton is moderately damaged.
The centaur hits you.
The bullfrog skeleton hits you but does no damage.
The centaur hits you. The bullfrog skeleton hits you.
* * * LOW HITPOINT WARNING * * *
You hit the bullfrog skeleton but do no damage.
The bullfrog skeleton is moderately damaged.
The centaur barely misses you.
The bullfrog skeleton barely misses you.
You hit the bullfrog skeleton but do no damage.
The bullfrog skeleton is moderately damaged.
The centaur hits you but does no damage.
The bullfrog skeleton hits you.
* * * LOW HITPOINT WARNING * * *
You hit the bullfrog skeleton.
The bullfrog skeleton is moderately damaged.
The centaur closely misses you.
The bullfrog skeleton barely misses you.
The centaur hits you but does no damage.
You barely miss the bullfrog skeleton.
The bullfrog skeleton is moderately damaged.
The bullfrog skeleton hits you.
* * * LOW HITPOINT WARNING * * *
The centaur hits you but does no damage.
You barely miss the bullfrog skeleton.
The bullfrog skeleton is moderately damaged.
The bullfrog skeleton hits you but does no damage.
The centaur hits you but does no damage.
You hit the bullfrog skeleton.
The bullfrog skeleton is heavily damaged.
The centaur barely misses you.
The bullfrog skeleton hits you but does no damage.
The centaur hits you.
* * * LOW HITPOINT WARNING * * *
The bullfrog skeleton hits you.
You die...

#..'.......#
+..#.......+
#.c##..#.......#
#..##..#.......#
#..##..#.......#
#..#...#.......#
#..#...#.......#
#..##..#.......#
###'##@.#.......#
#....#Zc#.......#
#....'..#.......#
#....####
#...........
#...........
#...........
#...........
#........###


You could see a centaur and a bullfrog skeleton.

Vanquished Creatures
  A quasit (D:3)
  A hound skeleton (D:3)
  3 adders
  A worm (D:2)
  A dart slug (D:2)
  3 leopard geckos (D:2)
  5 orcs
  4 giant cockroaches
  6 goblins
  11 hobgoblins
  2 quokkas
  3 bats
  4 frilled lizards
  8 kobolds
  A leopard gecko skeleton (D:3)
  7 rats
61 creatures vanquished.

Vanquished Creatures (others)
  3 withered plants (D:3)
3 creatures vanquished.

Grand Total: 64 creatures vanquished

Notes
Turn   | Place    | Note
-------+----------+-------------------------------------------
     0 | D:1      | siradein the Gargoyle Brigand began the quest for the Orb.
     0 | D:1      | Reached XP level 1. HP: 12/12 MP: 1/1
   173 | D:1      | Reached XP level 2. HP: 17/17 MP: 2/2
  1206 | D:2      | Reached XP level 3. HP: 20/21 MP: 3/3
  1806 | D:2      | Reached XP level 4. HP: 16/26 MP: 4/4
  2535 | D:2      | HP: 1/26 [adder (2)]
  2883 | D:2      | Reached XP level 5. HP: 23/30 MP: 5/5
  3288 | D:3      | You fall into a shaft and drop 3 floors!
  3311 | D:6      | Noticed a centaur
  3326 | D:6      | HP: 1/30 [bullfrog skeleton (4)]
  3328 | D:6      | Slain by a bullfrog skeleton

Illustrated notes

Levels and vault maps discovered:
D:1:      mrwooster_arrival_statue_2, layout_rooms
D:2:      layout_rooms, hex_large, chequers_serial_rivers_marsh, corexii_shack,
          kennysheep_generic_room_10
D:3:      layout_basic, nicolae_overflow_hidden_temple, serial_undead,
          serial_undead_c, serial_undead_c, serial_undead_d, serial_undead_b,
          serial_undead_b, serial_undead_e, serial_undead_e, serial_undead_c,
          serial_undead_f, serial_undead_f, uniq_sigmund
D:6:      layout_gridville, minmay_temple_entry_statues_pillars, st_stairs_5,
          kennysheep_dice, uniq_crazy_yiuf_cottage

Skill      XL: |  1  2  3  4 |
---------------+-------------+-----
Short Blades   | 2 3 4 |  4.8
Fighting       | |  2.1
Throwing       | |  1.7
Dodging        | |  0.7
Stealth        | |  4.3

Action                   |  1- 3 |  4- 6 || total
-------------------------+-------+-------++-------
Melee: Dagger            |   181 |   151 ||   332
       Short sword       |       |    54 ||    54
Throw: Dart              |     1 |       ||     1
 Stab: Sleeping          |     7 |     1 ||     8
Armor: Ring mail         |    78 |     6 ||    84
       Scale mail        |       |   153 ||   153
Dodge: Dodged            |    99 |   149 ||   248

Table legend: (Time is in decaauts)
 A = Elapsed time spent in this place.
 B = Non-inter-level travel time spent in this place.
 C = Inter-level travel time spent in this place.
 D = Time resting spent in this place.
 E = Time spent auto-exploring this place.
 F = Levels seen in this place.
 G = Mean time per level.
                   A        B        C        D        E       F      G
               +--------+--------+--------+--------+--------+-----+--------+
         Total |   3264 |   3209 |     55 |    157 |   2329 |   4 |  816.0 |
       Dungeon |   3264 |   3209 |     55 |    157 |   2329 |   4 |  816.0 |
               +--------+--------+--------+--------+--------+-----+--------+

Top non-repeatable levels by time:
     D:2: 1614 daAuts
     D:1: 1133 daAuts
     D:3: 478 daAuts
     D:6: 38 daAuts
